 Dungeon Sprint DCSS version 0.28-a0-861-ge64d6db94f (webtiles) character file.

Game seed: 12129243270231227247

(classic levelgen) 173 emperorscorpion the Magician (level 5, 20/46 HPs)
             Began as a Gnoll Skald on July 6, 2019.
             Was an Initiate of Vehumet.
             Quit the game in the Dungeon (Sprint IX: "|||||||||||||||||||||||||||||") on Nov 15, 2021.
             The game lasted 00:02:18 (130 turns).

emperorscorpion the Magician (Gnoll Skald)           Turns: 130, Time: 00:02:19

Health: 20/46      AC:  3    Str: 14    XL:     5   Next: 53%
Magic:  6/13       EV: 14    Int: 15    God:    Vehumet [......]
Gold:   0          SH:  0    Dex: 15    Spells: 16/16 levels left

rFire   . . .      SeeInvis .   a - +0 spear
rCold   . . .      Faith    .   (no shield)
rNeg    . . .      Spirit   .   b - +0 leather armour
rPois   .          Reflect  .   (no helmet)
rElec   .          Harm     .   (no cloak)
rCorr   .          Rampage  .   (no gloves)
Will    .....      NoTele   +   (no boots)
Stlth   ++........              (no amulet)
HPRegen 0.15/turn               (no ring)
MPRegen 0.13/turn               (no ring)

@: no status effects
A: fangs 1, strong nose, distributed training
a: Renounce Religion


You were in the Dungeon.
You worshipped Vehumet.
Vehumet was noncommittal.
You visited 1 branch

Inventory:

Hand Weapons
 a - a +0 spear (weapon)
 n - a +2 halberd of protection
 o - the +2 scimitar "Citalask" {venom, rF+}
   (You found it in the Dungeon)

   It poisons the flesh of those it strikes.
   rF:        It protects you from fire.
Armour
 b - a +0 leather armour (worn)
Magical Staves
 m - a staff of removedness
Wands
 l - a wand of iceblast (10) (quivered)
Scrolls
 i - 3 scrolls of removedness
 j - 2 scrolls of blinking
 k - 2 scrolls of amnesia
Potions
 e - a potion of invisibility
 f - 2 potions of heal wounds
 g - 4 potions of curing
 h - 4 potions of magic
Comestibles
 c - a removed food
 d - a removed food


   Skills:
 + Level 5.9 Fighting
 + Level 3.6 Short Blades
 + Level 3.6 Long Blades
 + Level 3.6 Axes
 + Level 3.6 Maces & Flails
 + Level 5.9 Polearms
 + Level 3.6 Staves
 + Level 3.6 Slings
 + Level 3.6 Bows
 + Level 3.6 Crossbows
 + Level 3.6 Throwing
 + Level 4.5 Armour
 + Level 5.9 Dodging
 + Level 3.6 Stealth
 + Level 3.6 Shields
 + Level 3.6 Unarmed Combat
 + Level 6.2 Spellcasting
 + Level 2.9 Conjurations
 + Level 2.9 Hexes
 + Level 2.9 Summonings
 + Level 2.9 Necromancy
 + Level 2.9 Translocations
 + Level 2.9 Transmutations
 + Level 2.9 Fire Magic
 + Level 2.9 Ice Magic
 + Level 2.9 Air Magic
 + Level 2.9 Earth Magic
 + Level 2.9 Poison Magic
 + Level 4.0 Invocations
 + Level 3.6 Evocations


You had 16 spell levels left.
You didn't know any spells.
Your spell library contained the following spells:

 Spells                   Type           Power      Damage    Failure   Level
 Wereblood                Tmut           13%        N/A       8%          2


Dungeon Overview and Level Annotations

Branches:
Dungeon (1/1)

Altars:
Cheibriados
Dithmenos
Elyvilon
Fedhas
Gozag
Hepliaklqana
Kikubaaqudgha
Makhleb
Nemelex Xobeh
Okawaru
Qazlal
Ru
Sif Muna
Trog
Uskayaw
Vehumet
Wu Jian
Xom
Yredelemnul
Zin
The Shining One
Beogh
Jiyva
Lugonu


Innate Abilities, Weirdness & Mutations

You have very sharp teeth.
Your uncanny sense of smell can sniff out nearby items.
Your experience applies equally to all skills.


Message History

Found a shimmering altar of Xom.
Found a basalt altar of Yredelemnul.
Found a glowing silver altar of Zin.
Found a glowing golden altar of the Shining One.
You kneel at the altar of Vehumet.
Vehumet welcomes you!
You open the door.
Found five items.
Found a +1 scale mail of magic resistance.
Found a +3 ring of strength.
h - 4 potions of magic (gained 2);
e - a potion of invisibility
f - 2 potions of heal wounds;
g - 4 potions of curing
Found a +2 ring of evasion.
i - 3 scrolls of remove curse;
k - 2 scrolls of amnesia
j - 2 scrolls of blinking (gained 1)
l - a wand of iceblast (10)
You see here an uncursed staff of energy.
m - an uncursed staff of energy
Items here: ))))))
n - a +2 halberd of protection
o - the +2 scimitar "Citalask" {venom, rF+} Saving game... please wait.
Welcome back, emperorscorpion the Gnoll Skald.
Vehumet says: Let it end in hellfire!
Press ? for a list of commands and other information.
Are you sure you want to abandon this character and quit the game? (Confirm with "yes".)
Okay, then.
Are you sure you want to abandon this character and quit the game? (Confirm with "yes".)

▓▓▓▓▓▓▓▓▓▓▓▓▓▓▓▓▓▓▓▓▓▓▓
____________'...@[[[==+
▓▓▓▓▓▓▓▓▓▓▓▓▓▓▓▓▓▓▓▓▓▓▓
∆∆∆


There were no monsters in sight!

Vanquished Creatures
  An ice beast (D)
  A jelly (D)
  A removed worker ant (D)
  An adder (D)
  A gnoll (D)
  A goblin (D)
  A hobgoblin (D)
  A jackal (D)
  2 frilled lizards (D)
10 creatures vanquished.

Notes
Turn   | Place    | Note
-------+----------+-------------------------------------------
     0 | D        | emperorscorpion the Gnoll Skald began the quest for the
                  | Orb.
     0 | D        | Reached XP level 1. HP: 20/20 MP: 6/6
    14 | D        | Reached skill level 5 in Spellcasting
    15 | D        | Reached skill level 1 in Invocations
    22 | D        | Noticed a jelly
    22 | D        | Noticed an ice beast
    22 | D        | Noticed a worker ant
    25 | D        | Killed a jelly
    25 | D        | Reached skill level 5 in Fighting
    25 | D        | Reached skill level 1 in Short Blades
    25 | D        | Reached skill level 1 in Long Blades
    25 | D        | Reached skill level 1 in Axes
    25 | D        | Reached skill level 1 in Maces & Flails
    25 | D        | Reached skill level 5 in Polearms
    25 | D        | Reached skill level 1 in Staves
    25 | D        | Reached skill level 1 in Slings
    25 | D        | Reached skill level 1 in Bows
    25 | D        | Reached skill level 1 in Crossbows
    25 | D        | Reached skill level 1 in Throwing
    25 | D        | Reached skill level 5 in Dodging
    25 | D        | Reached skill level 1 in Stealth
    25 | D        | Reached skill level 1 in Shields
    25 | D        | Reached skill level 1 in Unarmed Combat
    25 | D        | Reached skill level 1 in Conjurations
    25 | D        | Reached skill level 1 in Hexes
    25 | D        | Reached skill level 1 in Summonings
    25 | D        | Reached skill level 1 in Necromancy
    25 | D        | Reached skill level 1 in Translocations
    25 | D        | Reached skill level 1 in Transmutations
    25 | D        | Reached skill level 1 in Fire Magic
    25 | D        | Reached skill level 1 in Ice Magic
    25 | D        | Reached skill level 1 in Air Magic
    25 | D        | Reached skill level 1 in Earth Magic
    25 | D        | Reached skill level 1 in Poison Magic
    25 | D        | Reached skill level 1 in Evocations
    25 | D        | Reached XP level 2. HP: 12/27 MP: 0/8
    25 | D        | Reached XP level 3. HP: 15/33 MP: 0/9
    29 | D        | HP: 1/49 [ice beast (12)]
    33 | D        | Killed an ice beast
    33 | D        | Reached XP level 4. HP: 1/39 MP: 0/12
    33 | D        | Reached XP level 5. HP: 1/45 MP: 0/13
    92 | D        | Found a roughly hewn altar of Beogh.
    92 | D        | Found a snail-covered altar of Cheibriados.
    92 | D        | Found a shadowy altar of Dithmenos.
    92 | D        | Found a white marble altar of Elyvilon.
    92 | D        | Found a blossoming altar of Fedhas.
    92 | D        | Found an opulent altar of Gozag.
    93 | D        | Found a hazy altar of Hepliaklqana.
    94 | D        | Found a viscous altar of Jiyva.
    95 | D        | Found an ancient bone altar of Kikubaaqudgha.
    96 | D        | Found a corrupted altar of Lugonu.
    97 | D        | Found a burning altar of Makhleb.
    98 | D        | Found a sparkling altar of Nemelex Xobeh.
    99 | D        | Found an iron altar of Okawaru.
   100 | D        | Found a stormy altar of Qazlal.
   101 | D        | Found a sacrificial altar of Ru.
   102 | D        | Found a deep blue altar of Sif Muna.
   103 | D        | Found a bloodstained altar of Trog.
   104 | D        | Found a hide-covered altar of Uskayaw.
   105 | D        | Found a radiant altar of Vehumet.
   106 | D        | Found an ornate altar of the Wu Jian Council.
   107 | D        | Found a shimmering altar of Xom.
   108 | D        | Found a basalt altar of Yredelemnul.
   109 | D        | Found a glowing silver altar of Zin.
   110 | D        | Found a glowing golden altar of the Shining One.
   113 | D        | Became a worshipper of Vehumet
   129 | D        | Got the +2 scimitar "Citalask" {venom, rF+}
   130 | D        | Upgraded the game from 0.24-a0-479-g9a978d2894 to
                  | 0.28-a0-861-ge64d6db94f
   130 | D        | Quit the game

Illustrated notes

Levels and vault maps discovered:
D:        linesprint [early_d, line_temple, items_1, d_10, items_2, lair_1,
          lair_end, items_3, orc_1, orc_end, items_4, d_15, swamp_1, shoals_1,
          snake_1, spider_1, d_20, vaults_1, items_5, swamp_end, shoals_end,
          snake_end, spider_end, vaults_end, d_27, items_6, zot_1, zot_end,
          crypt_end, forest_end, elf_end, slime_end, tomb_end, abyss_end,
          pan_hell_end]

Skill      XL: |  1  2  3  4  5 |
---------------+----------------+-----
Spellcasting   | 5 6 |  6.2
Invocations    | 2 3 4 |  4.0
Fighting       | 5 |  5.9
Short Blades   | 1 3 |  3.6
Long Blades    | 1 3 |  3.6
Axes           | 1 3 |  3.6
Maces & Flails | 1 3 |  3.6
Polearms       | 5 |  5.9
Staves         | 1 3 |  3.6
Slings         | 1 3 |  3.6
Bows           | 1 3 |  3.6
Crossbows      | 1 3 |  3.6
Throwing       | 1 3 |  3.6
Armour         | 3 4 |  4.5
Dodging        | 5 |  5.9
Stealth        | 1 3 |  3.6
Shields        | 1 3 |  3.6
Unarmed Combat | 1 3 |  3.6
Conjurations   | 1 2 |  2.9
Hexes          | 1 2 |  2.9
Summonings     | 1 2 |  2.9
Necromancy     | 1 2 |  2.9
Translocations | 1 2 |  2.9
Transmutations | 1 2 |  2.9
Fire Magic     | 1 2 |  2.9
Ice Magic      | 1 2 |  2.9
Air Magic      | 1 2 |  2.9
Earth Magic    | 1 2 |  2.9
Poison Magic   | 1 2 |  2.9
Evocations     | 1 3 |  3.6
Charms         | 6 |  0.0

Action                   |  1- 3 |  4- 6 || total
-------------------------+-------+-------++-------
Melee: Spear             |    21 |    28 ||    49
       Punch             |     2 |     1 ||     3
 Cast: Infusion          |     1 |     1 ||     2
  Use: Potion            |     1 |     3 ||     4
Armor: Leather armour    |     3 |     1 ||     4
Dodge: Dodged            |     3 |    29 ||    32

Table legend: (Time is in decaauts)
 A = Elapsed time spent in this place.
 B = Non-inter-level travel time spent in this place.
 C = Inter-level travel time spent in this place.
 D = Time resting spent in this place.
 E = Time spent auto-exploring this place.
 F = Levels seen in this place.
 G = Mean time per level.
                   A        B        C        D        E       F      G
               +--------+--------+--------+--------+--------+-----+--------+
         Total |    113 |    113 |      0 |      0 |      0 |   1 |  113.0 |
       Dungeon |    113 |    113 |      0 |      0 |      0 |   1 |  113.0 |
               +--------+--------+--------+--------+--------+-----+--------+
